 Dungeon Crawl Stone Soup version 0.28.0 (webtiles) character file.

Game seed: 1978720243512966585

8668 hito the Fighter (level 11, -10/99 HPs)
             Began as a Grey Draconian Artificer on Feb 9, 2022.
             Was an Initiate of Yredelemnul.
             Mangled by Snorg (14 damage)
             ... on level 10 of the Dungeon.
             The game lasted 00:42:12 (12322 turns).

hito the Fighter (Grey Draconian Artificer)        Turns: 12322, Time: 00:42:14

Health: -10/99     AC: 18    Str: 15    XL:     11   Next: 12%
Magic:  14/14      EV: 15    Int: 11    God:    Yredelemnul [......]
Gold:   420        SH:  0    Dex: 16    Spells: 10/10 levels left

rFire   . . .      SeeInvis .   b - +2 great sword (flame)
rCold   . . .      Faith    +   (shield currently unavailable)
rNeg    . . .      Spirit   .   (armour unavailable)
rPois   .          Reflect  .   (helmet restricted)
rElec   .          Harm     .   (no cloak)
rCorr   +          Rampage  .   (no gloves)
Will    .....                   C - +1 pair of boots
Stlth   ++........              N - amulet of faith
HPRegen 0.26/turn               y - +4 ring of protection
MPRegen 0.14/turn               m - ring of resist corrosion

@: no status effects
A: AC +12, amphibious, unfitting armour, cold-blooded
a: Renounce Religion, Recall Undead Harvest


You were on level 10 of the Dungeon.
You worshipped Yredelemnul.
Yredelemnul was noncommittal.
You visited 2 branches of the dungeon, and saw 11 of its levels.
You also visited: Ossuary.

You collected 420 gold pieces.

Inventory:

Hand Weapons
 a - a +1 short sword of venom
 b - a +2 great sword of flaming (weapon)
 e - a +0 antimagic hand axe
 q - a +0 hunting sling
 O - a +4 halberd
Missiles
 f - 10 javelins
 i - 374 stones
 r - 116 sling bullets
 s - 7 boomerangs
 M - a throwing net
Armour
 C - a +1 pair of boots (worn)
 U - a +0 buckler
Jewellery
 g - a ring of magical power
 h - an amulet of reflection
 m - a ring of resist corrosion (right hand)
 y - a +4 ring of protection (left hand)
 K - a +6 ring of strength
 L - a ring of ice
 N - an amulet of faith (around neck)
 R - an amulet of regeneration
 S - a +6 ring of intelligence
Wands
 c - a wand of charming (6)
 D - a wand of mindburst (11)
 V - a wand of iceblast (7)
Scrolls
 k - 5 scrolls of blinking {unknown}
 l - 4 scrolls of teleportation {unknown}
 n - a scroll of brand weapon {unknown}
 o - 2 scrolls of silence {unknown}
 p - a scroll of torment {unknown}
 v - a scroll of noise
 w - a scroll of amnesia
 B - a scroll of fog {unknown}
 E - a scroll of holy word {unknown}
 P - a scroll of vulnerability {unknown}
 Q - a scroll of magic mapping
 T - a scroll of fear {unknown}
 W - a scroll of summoning {unknown}
Potions
 j - 3 potions of heal wounds
 t - 6 potions of curing
 u - 2 potions of attraction
 x - 6 potions of degeneration
 z - a potion of resistance {unknown}
 A - 3 potions of mutation
 F - a potion of invisibility
 G - a potion of brilliance
 H - a potion of magic
 I - 3 potions of flight
 J - a potion of haste
Miscellaneous
 d - a piece from Xom's chessboard (15/15)


   Skills:
 - Level 10.0 Fighting
 - Level 4.0(6.9) Short Blades
 + Level 8.8(9.2) Long Blades
 - Level 7.0 Dodging
 - Level 0.8 Stealth
 - Level 5.0 Invocations
 + Level 7.7 Evocations


You had 10 spell levels left.
You didn't know any spells.
Your spell library contained the following spells:

 Spells                   Type           Power      Damage    Failure   Level
 Animate Skeleton         Necr           0%         N/A       34%         1
 Apportation              Tloc           0%         N/A       34%         1
 Summon Small Mammal      Summ           0%         N/A       34%         1
 Ensorcelled Hibernation  Hex/Ice        0%         N/A       47%         2
 Sublimation of Blood     Necr           0%         N/A       47%         2
 Gell's Gravitas          Tloc           0%         N/A       71%         3
 Lesser Beckoning         Tloc           0%         N/A       71%         3
 Portal Projectile        Hex/Tloc       0%         N/A       71%         3
 Spider Form              Tmut/Pois      0%         N/A       71%         3
 Teleport Other           Tloc           0%         N/A       71%         3
 Anguish                  Hex/Necr       0%         N/A       98%         4
 Petrify                  Tmut/Erth      0%         N/A       98%         4
 Blade Hands              Tmut           0%         N/A       100%        5
 Excruciating Wounds      Necr           0%         N/A       100%        5
 Irradiate                Conj/Tmut      0%         3d14      100%        5


Dungeon Overview and Level Annotations

Branches:
Dungeon (10/15)            Temple (1/1) D:4         Ossuary (visited)
   Lair: D:8-11         Orc: D:9-12

Altars:
Ashenzari
Cheibriados
Dithmenos
Elyvilon
Fedhas
Gozag
Hepliaklqana
Kikubaaqudgha
Makhleb
Nemelex Xobeh
Okawaru
Qazlal
Ru
Sif Muna
Trog
Uskayaw
Vehumet
Wu Jian
Xom
Yredelemnul
Zin
The Shining One

Shops:
D:9 [

Annotations:
D:2 exclusion: downstairs
D:10 Snorg


Innate Abilities, Weirdness & Mutations

Your dull iron-grey scales are very hard. (AC +12)
You are amphibious.
You cannot fit into any form of body armour.
You are cold-blooded and may be slowed by cold attacks.


Message History

Snorg is lightly wounded.
Snorg bites you. Snorg claws you but does no damage. x2
Your yak zombie gores Snorg!
You hit Snorg. You punch Snorg.
Snorg is moderately wounded.
Snorg bites you. Snorg claws you. Snorg misses you.
Your yak zombie gores Snorg!
Snorg bites you but does no damage. Snorg closely misses you. Snorg claws you.
You hit Snorg.
Snorg looks as sick as possible!
You tail-slap Snorg.
Snorg is moderately wounded.
Snorg barely misses you. Snorg claws you but does no damage.
Snorg barely misses you. Snorg bites you but does no damage.
Snorg barely misses you. Snorg claws you but does no damage.
Your yak zombie gores Snorg.
Snorg bites your yak zombie!! Snorg claws your yak zombie!
Snorg claws your yak zombie. Snorg barely misses your yak zombie.
Snorg claws your yak zombie!!
Your yak zombie is destroyed!
Your +1 short sword of venom stops dripping with poison.
Your +2 great sword of flaming bursts into flame!
b - a +2 great sword of flaming (weapon)
You slash Snorg! You burn Snorg.
Snorg is heavily wounded.
Snorg closely misses you. Snorg claws you but does no damage. x2
Snorg bites you! Snorg misses you. Snorg claws you but does no damage.
Aiming: Mindburst
Press: ? - help, Shift-Dir - straight line, f - Snorg
Aim: Snorg (heavily wounded, berserk, extremely poisoned, chance to affect: 59%) Snorg's mind is blasted!
Snorg misses you. Snorg claws you but does no damage. Snorg claws you!
* * * LOW HITPOINT WARNING * * *
Aiming: Mindburst
Press: ? - help, Shift-Dir - straight line, f/p - Snorg
Aim: Snorg (severely wounded, berserk, very poisoned, chance to affect: 59%) Snorg resists with significant effort.
Snorg bites you!!
* * * LOW HITPOINT WARNING * * *
Snorg closely misses you. Snorg claws you but does no damage.
Snorg closely misses you. Snorg barely misses you. Snorg claws you!
You die...
Your body rises from the dead as a mindless zombie.

########## ########
#........##
#......#######..#.#.#...
#......+................
#......#...<....#.#.#...
#......#................
#......#........#.#.#...
#......######.....Z.....
#.T@...########..#..
#......#.........#..
#......'.........#..
#......####+####.#..
######## #+###


You could see Snorg (berserk, very poisoned).

Vanquished Creatures
  A boulder beetle (D:7)
  Erica (D:9)
  A kobold demonologist (D:7)
  A troll (D:7)
  Sigmund (D:3)
  A wraith (D:7)
  9 yaks
  A steam dragon (D:7)
  Pargi (D:3)
  2 orc warriors (D:7)
  A black bear (D:7)
  An ice beast (D:6)
  2 sky beasts
  The ghost of BobtheApe the Ducker, an amateur MfGl (D:3)
  A centaur (D:9)
  A gnoll sergeant (D:8)
  3 kobold brigands (D:9)
  4 bullfrogs
  9 scorpions
  7 wights
  5 howler monkeys
  7 centaur zombies
  3 jellies
  4 hounds
  2 human zombies (Ossuary)
  Crazy Yiuf (D:3)
  A centaur skeleton (D:5)
  2 gnoll shamans (D:8)
  2 orc priests (D:7)
  A bullfrog skeleton (D:6)
  Natasha (thrice) (D:3)
  4 iguanas
  7 orc wizards
  2 scorpion zombies (Ossuary)
  2 mummies
  10 gnolls (D:8)
  4 adders
  A white imp (D:7)
  5 worms
  A dart slug (D:5)
  29 orcs
  2 bats
  9 endoplasms
  4 giant cockroaches
  A gnoll zombie (Ossuary)
  5 goblins
  8 hobgoblins
  6 jackals (D:2)
  6 quokkas
  6 ball pythons
  3 frilled lizards
  3 hobgoblin zombies (Ossuary)
  9 kobolds
  A kobold zombie (Ossuary)
  3 orc zombies (Ossuary)
  9 rats
220 creatures vanquished.

Vanquished Creatures (collateral kills)
  An unseen horror (D:7)
  A troll (D:7)
  Prince Ribbit (D:7)
  A slime creature (D:7)
  A yak (D:9)
  A necrophage (D:7)
  A phantom (D:5)
  A scorpion (Ossuary)
  A wight (D:7)
  A human zombie (Ossuary)
  2 centaur zombies
  An orc wizard (D:7)
  A scorpion zombie (Ossuary)
  2 mummies (Ossuary)
  A howler monkey skeleton (D:6)
  4 gnolls (D:8)
  An adder (D:5)
  A dart slug (D:3)
  4 orcs
  2 jackals (D:3)
  A quokka (D:3)
  3 hobgoblin zombies (Ossuary)
  A kobold (D:3)
  2 rats (D:3)
36 creatures vanquished.

Vanquished Creatures (others)
  A kobold demonologist (D:9)
  A human zombie (D:7)
  A yak zombie (D:10)
  3 wights (D:6)
  A bullfrog zombie (D:9)
  2 kobold zombies
  2 scorpion zombies
  A hound zombie (D:5)
  A spectral jelly (D:8)
  2 howler monkey zombies (D:9)
  A steam dragon zombie (D:7)
  A bat (D:3)
  A bat zombie (D:3)
  2 gnoll zombies (D:8)
  A hobgoblin zombie (D:3)
  10 orc zombies
  A fungus (D:3)
  11 plants (D:7)
43 creatures vanquished.

Grand Total: 299 creatures vanquished

Notes
Turn   | Place    | Note
-------+----------+-------------------------------------------
     0 | D:1      | hito the Draconian Artificer began the quest for the Orb.
     0 | D:1      | Reached XP level 1. HP: 16/16 MP: 1/1
   404 | D:1      | Reached skill level 2 in Fighting
   559 | D:1      | Reached XP level 2. HP: 25/25 MP: 2/2
  1276 | D:1      | Reached skill level 3 in Fighting
  1917 | D:1      | Reached XP level 3. HP: 25/31 MP: 3/3
  3002 | D:2      | Reached XP level 4. HP: 38/40 MP: 4/4
  3325 | D:2      | Reached skill level 4 in Fighting
  3620 | D:3      | Found a runed translucent door.
  3941 | D:3      | Reached XP level 5. HP: 47/47 MP: 5/5
  3974 | D:3      | Found a sparkling altar of Nemelex Xobeh.
  4012 | D:3      | Noticed Pargi
  4059 | D:3      | Noticed BobtheApe's ghost (amateur MfGl)
  4228 | D:3      | Noticed Sigmund
  4846 | D:4      | Reached skill level 5 in Fighting
  4898 | D:4      | Found a staircase to the Ecumenical Temple.
  4907 | Temple   | Entered the Ecumenical Temple
  5129 | Temple   | Became a worshipper of Yredelemnul the Dark
  5900 | D:5      | Entered Level 5 of the Dungeon
  5964 | D:5      | Reached XP level 6. HP: 56/56 MP: 6/6
  6003 | D:5      | Noticed a sky beast
  6020 | D:5      | Killed a sky beast
  6180 | D:5      | Reached * piety under Yredelemnul
  6315 | D:5      | Reached skill level 6 in Fighting
  6514 | D:5      | Reached skill level 5 in Dodging
  6514 | D:5      | Your scales start taking on a dull iron-grey colour.
  6514 | D:5      | Reached XP level 7. HP: 43/64 MP: 7/7
  6837 | D:5      | Reached ** piety under Yredelemnul
  7129 | D:6      | Found a sand-covered staircase.
  7138 | Ossuary  | Entered an ossuary
  7278 | Ossuary  | Reached skill level 7 in Fighting
  7338 | Ossuary  | Reached skill level 1 in Short Blades
  7361 | Ossuary  | Reached XP level 8. HP: 62/73 MP: 8/8
  7604 | Ossuary  | Reached skill level 5 in Evocations
  8320 | D:7      | Reached skill level 1 in Invocations
  8322 | D:7      | Reached XP level 9. HP: 79/79 MP: 9/9
  8358 | D:7      | Noticed Prince Ribbit
  8598 | D:7      | Killed Prince Ribbit
  8746 | D:7      | Noticed a troll
  8756 | D:7      | Killed a troll
  8757 | D:7      | Reached skill level 8 in Fighting
  8904 | D:7      | Noticed a boulder beetle
  8921 | D:7      | Killed a boulder beetle
  8922 | D:7      | Reached skill level 5 in Invocations
  8980 | D:7      | Reached skill level 9 in Fighting
  9019 | D:7      | Killed an unseen horror
  9020 | D:7      | Reached XP level 10. HP: 53/91 MP: 13/13
  9091 | D:7      | Reached skill level 5 in Long Blades
  9106 | D:7      | Your ally Prince Ribbit died
 10665 | D:9      | Reached skill level 10 in Fighting
 10902 | D:3      | Found a runed translucent door.
 10934 | D:3      | Killed Pargi
 10960 | D:3      | Killed Sigmund
 11215 | D:3      | Found a runed translucent door.
 11216 | D:3      | Noticed Crazy Yiuf
 11229 | D:3      | Killed Crazy Yiuf
 11287 | D:3      | Noticed Natasha
 11294 | D:3      | Killed Natasha
 11432 | D:3      | Killed BobtheApe's ghost
 11433 | D:3      | Noticed Natasha
 11438 | D:3      | Killed Natasha
 11477 | D:3      | Noticed Natasha
 11482 | D:3      | Killed Natasha
 11640 | D:9      | Found Aqosuuxt's Armour Shoppe.
 11924 | D:9      | Noticed Erica
 11930 | D:9      | Killed Erica
 12096 | D:9      | Reached XP level 11. HP: 86/99 MP: 14/14
 12210 | D:10     | Entered Level 10 of the Dungeon
 12305 | D:10     | Noticed Snorg
 12322 | D:10     | HP: 4/99 [Snorg (22)]
 12322 | D:10     | Mangled by Snorg

Illustrated notes

Levels and vault maps discovered:
D:1:      shiori_arrival_maze, layout_loops_corners, minmay_tromino_v4_b
D:2:      kennysheep_big_flooded_room, layout_basic, roderic_serpentine_path,
          minmay_bisected
D:3:      layout_rooms, nemelex_dance_club_becter, ebering_ghost_sewer_f,
          st_stairs_7, uniq_natasha, uniq_sigmund, uniq_crazy_yiuf_cottage,
          uniq_pargi
D:4:      layout_loops_ring, minmay_temple_entry_overgrown
D:5:      layout_rooms, corexii_corridor_pit, grunt_ministairs_7,
          grunt_decor_arrowhead, nicolae_concentric_dashed_squares_mild
D:6:      layout_rooms, gup_ossuary_entry_pyramid
D:7:      layout_rooms, minmay_shattered_shrine, uniq_prince_ribbit1
D:8:      layout_loops_ring, minmay_misc_feat_tower, dk_vineyard_2
D:9:      layout_roguey, serial_shops, nicolae_shop_statue_plus, uniq_erica
D:10:     layout_gridville, serial_glass, glass_columns_a, glass_columns_b,
          glass_columns_a, glass_columns_b, glass_columns_b, glass_columns_a,
          uniq_snorg
Temple:   roderic_octagonal_lattice_temple

Skill      XL: |  1  2  3  4  5  6  7  8  9 10 |
---------------+-------------------------------+-----
Fighting       | 2 3 4 5 6 7 9 10 | 10.0
Dodging        | 3 4 5 6 7 |  7.0
Evocations     | 4 5 6 7 |  7.7
Short Blades   | 1 4 |  4.0
Invocations    | 1 5 |  5.0
Long Blades    | 4 8 |  8.8
Stealth        | |  0.8

Action                   |  1- 3 |  4- 6 |  7- 9 | 10-12 || total
-------------------------+-------+-------+-------+-------++-------
Melee: Club              |    14 |       |       |       ||    14
       Dagger            |    63 |       |       |       ||    63
       Tailslap          |    19 |    35 |    68 |    59 ||   181
       Punch             |     2 |     6 |     3 |     5 ||    16
       Short sword       |    95 |   226 |   354 |   267 ||   942
       Hand axe          |       |     9 |       |       ||     9
       Great sword       |       |       |     4 |    87 ||    91
Invok: Recall Undead Har |       |     1 |       |     3 ||     4
       Dark Bargain      |       |       |       |     2 ||     2
Evoke: Piece from Xom's  |     4 |     6 |       |       ||    10
       Wand              |     5 |     8 |    11 |     6 ||    30
  Use: Potion            |       |     2 |       |       ||     2
       Scroll            |       |       |     8 |     5 ||    13
 Stab: Sleeping          |     6 |     2 |     4 |     2 ||    14
       Distracted        |     1 |       |     5 |     2 ||     8
       Petrified         |       |     1 |       |       ||     1
Armor: Skin              |    52 |   105 |   174 |   174 ||   505
Dodge: Dodged            |   103 |   205 |   269 |   281 ||   858
Block: Other             |       |       |    43 |    25 ||    68
       Reflection        |       |       |     1 |       ||     1
